 Dungeon Crawl Stone Soup version 0.26-a0-52-gd53d4cd (webtiles) character file.

Game seed: 9385437788948741158

18818 Faca the Whirler (level 12, 0/88 HPs)
             Began as a Halfling Hunter on June 5, 2020.
             Was a High Priest of Okawaru.
             Slain by a minotaur
             ... wielding the +7 Singing Sword {vorpal, sonic wave}
              (3 damage)
             ... in a Gauntlet.
             The game lasted 00:41:46 (16507 turns).

Faca the Whirler (Halfling Hunter)                 Turns: 16507, Time: 00:41:47

Health: 0/88       AC: 16    Str: 20    XL:     12   Next: 99%
Magic:  4/12       EV: 15    Int: 12    God:    Okawaru [*****.]
Gold:   713        SH:  6    Dex: 16    Spells: 11/11 levels left

rFire    + + .     SeeInvis .   s - +5 short sword of the Modern Seers {drain, Str+3}
rCold    . . .     Gourm    .   j - +0 buckler {AC+3}
rNeg     . . .     Faith    +   J - +3 scale mail {rF+}
rPois    .         Spirit   .   n - +0 helmet
rElec    .         Reflect  .   (no cloak)
rCorr    .         Harm     .   v - +1 pair of gloves of Culoiz {+Blink rF+ Int+3}
MR       .....     NoTele   +   (no boots)
Stlth    ..........             g - amulet of faith
HPRegen  0.24/turn              p - ring of flight
MPRegen  0.13/turn              (no ring)

@: no status effects
A: small, mutation resistance 1
a: Heroism, Finesse, Renounce Religion, Evoke Blink, Evoke Flight


You were in a Gauntlet.
You worshipped Okawaru.
Okawaru was extremely pleased with you.
You were not hungry.

You visited 2 branches of the dungeon, and saw 12 of its levels.
You also visited: Gauntlet.

You collected 713 gold pieces.

Inventory:

Hand Weapons
 i - a +3 rapier of holy wrath
 s - the +5 short sword of the Modern Seers (weapon) {drain, Str+3}
   (You found it on level 5 of the Dungeon)

   A truly terrible weapon, it drains the life of those it strikes.
   It affects your strength (+3).
 I - a +0 hunting sling of flaming
Missiles
 d - 177 sling bullets
 e - 288 stones (quivered)
Armour
 j - a +0 buckler of protection (worn)
 l - a +3 ring mail of poison resistance
 n - a +0 helmet (worn)
 v - the +1 pair of gloves of Culoiz (worn) {+Blink rF+ Int+3}
   (You found it on level 5 of the Dungeon)

   It affects your intelligence (+3).
   It protects you from fire.
   It lets you blink.
 D - the +4 plate armour of Sorcery {Regen+}
   (You found it on level 9 of the Dungeon)

   It increases your rate of regeneration.
 J - a +3 scale mail of fire resistance (worn)
 K - quicksilver dragon scales
Jewellery
 g - an amulet of faith (around neck)
 p - a ring of flight (left hand)
 G - the ring "Mity" {*Corrode rC+ rN++ Int+8}
   (You found it in a Gauntlet)

   [ring of protection from cold]

   It affects your intelligence (+8).
   It protects you from cold.
   It greatly protects you from negative energy.
   It may corrode you when you take damage.
Wands
 a - a wand of digging (10)
 m - a wand of random effects (15)
 t - a wand of disintegration (19)
 w - a wand of clouds (7)
 y - a wand of paralysis (8)
Scrolls
 b - 4 scrolls of blinking
 c - 4 scrolls of teleportation
 q - 3 scrolls of enchant armour
 r - 2 scrolls of magic mapping
 u - 9 scrolls of remove curse
 F - a scroll of fear
 L - a scroll of summoning {unknown}
Potions
 h - a potion of brilliance {unknown}
 k - 2 potions of invisibility {unknown}
 o - a potion of might
 x - a potion of mutation {unknown}
 z - 2 potions of flight
 A - 3 potions of lignification {unknown}
 B - a potion of heal wounds
 C - 2 potions of ambrosia {unknown}
 E - 2 potions of curing
 H - a potion of berserk rage {unknown}
Comestibles
 f - 23 rations


   Skills:
 + Level 10.4 Fighting
 + Level 12.8 Short Blades
 + Level 15.8 Slings
 + Level 4.3 Armour
 + Level 5.0 Dodging
 - Level 1.1 Stealth
 + Level 4.3 Shields


You had 11 spell levels left.
You didn't know any spells.
Your spell library contained the following spells:

 Spells                   Type           Power        Failure   Level  Hunger
 Animate Skeleton         Necr           N/A          71%         1    ##.....
 Beastly Appendage        Tmut           #.....       71%         1    ##.....
 Corona                   Hex            #......      71%         1    ##.....
 Pain                     Necr           #...         71%         1    ##.....
 Sandblast                Erth           #.....       71%         1    ##.....
 Shock                    Conj/Air       #...         71%         1    ##.....
 Sting                    Tmut/Pois      #...         71%         1    ##.....
 Passwall                 Tmut/Erth      #.......     83%         2    ###....
 Poisonous Vapours        Pois/Air       #.....       83%         2    ###....
 Sticks to Snakes         Tmut           #.......     83%         2    ###....
 Swiftness                Chrm/Air       #.......     83%         2    ###....
 Ignite Poison            Fire/Tmut/Pois #.......     97%         3    ####...
 Inner Flame              Hex/Fire       #.......     97%         3    ####...
 Mephitic Cloud           Conj/Pois/Air  #.......     97%         3    ####...
 Spider Form              Tmut/Pois      #.........   97%         3    ####...
 Static Discharge         Conj/Air       #.......     97%         3    ####...
 Stone Arrow              Conj/Erth      #.....       97%         3    ####...
 Airstrike                Air            #.........   100%        4    #####..
 Ice Form                 Ice/Tmut       #.......     100%        4    #####..
 Olgreb's Toxic Radiance  Pois           #.......     100%        4    #####..
 Petrify                  Tmut/Erth      #.......     100%        4    #####..
 Summon Lightning Spire   Summ/Air       #.......     100%        4    #####..
 Agony                    Necr           #.......     100%        5    ######.
 Blade Hands              Tmut           #.........   100%        5    ######.
 Iskenderun's Battlesphe  Conj/Chrm      #.......     100%        5    ######.
 Lee's Rapid Deconstruct  Erth           #.........   100%        5    ######.
 Lightning Bolt           Conj/Air       #.........   100%        5    ######.
 Iron Shot                Conj/Erth      #.........   100%        6    #######
 Discord                  Hex            #.........   100%        8    #######


Dungeon Overview and Level Annotations

Branches:
Dungeon (11/15)            Temple (0/1) D:7            Lair (1/6) D:10
    Orc (0/2) D:9         Gauntlet (1/1)

Altars:
Cheibriados
Hepliaklqana
Nemelex Xobeh
Okawaru
Ru
Trog
Wu Jian
Zin
Jiyva

Annotations:
D:8 3 runed translucent doors, kazak's ghost, novice OpEE
D:10 3 runed translucent doors, Ruxt's ghost, novice DsFi Gauntlet 6 transporters


Innate Abilities, Weirdness & Mutations

You are small and have problems with some larger weapons.
You are somewhat resistant to further mutation.


Message History

The minotaur hits you with the +7 Singing Sword {vorpal, sonic wave}.
The Singing Sword chants, "I am golden and pointed, and with blood well anointed."
The minotaur sends a blast of sound all around you!
The minotaur gores you but does no damage.
There is an open door, spattered with blood here.
You hit the minotaur.
The minotaur is moderately wounded.
You hit the minotaur but do no damage.
The minotaur is moderately wounded.
Your hands slow down.
You hit the minotaur but do no damage.
The minotaur is moderately wounded.
The minotaur closely misses you. You block the minotaur's attack.
You hit the minotaur. You drain the minotaur.
The minotaur is heavily wounded.
You hit the minotaur but do no damage.
The minotaur is heavily wounded.
The minotaur hits you with the +7 Singing Sword {vorpal, sonic wave}!!
* * * LOW HITPOINT WARNING * * *
You die...

#8#
#≈...............§#
#8# ###
#8.8.8..©.©..8.8.8#
###
#≈...............≈#
#####.###.###.#####
##.###.###.###
#.............#
#.###.###.###.#
#.....(.(.....#
######@####### #H#
∩.. ...⌠+ +⌠...#
#..⌠.# ###+##


You could see a minotaur (drained).

Vanquished Creatures
  A hydra (Lair:1)
  Erica (D:10)
  3 two-headed ogres
  A wizard (Gauntlet)
  2 unseen horrors
  Pikel (D:5)
  An oklob plant (D:10)
  2 ugly things (D:11)
  2 cyclopes
  Psyche (D:10)
  2 gargoyles
  2 spiny frogs (Lair:1)
  A komodo dragon (Lair:1)
  A jumping spider (shapeshifter) (Gauntlet)
  Grinder (D:5)
  A troll (D:9)
  A raiju (shapeshifter) (Gauntlet)
  Prince Ribbit (D:7)
  A hippogriff (D:10)
  Sigmund (D:2)
  A wyvern (D:11)
  5 yaks
  A basilisk (Lair:1)
  A human (D:11)
  A hungry ghost (D:9)
  2 water moccasins
  A swamp drake (D:9)
  2 ice beasts
  5 orc warriors
  A slave (D:4)
  4 black bears
  An eye of draining (D:11)
  4 sky beasts
  A black bear (shapeshifter) (Gauntlet)
  7 ogres
  3 phantoms
  3 centaurs
  6 wolves (Lair:1)
  A big kobold (D:11)
  8 bullfrogs
  2 wyvern skeletons
  4 scorpions
  4 killer bees (D:7)
  5 wights
  2 bullfrog zombies
  5 crimson imps
  A hound (D:11)
  2 jellies (D:6)
  4 centaur skeletons
  9 orc priests
  2 bullfrog skeletons (D:7)
  Jessica (D:2)
  Natasha (thrice) (D:3)
  An iguana (D:5)
  12 worker ants
  Ijyb (D:5)
  15 orc wizards
  3 hound zombies
  Robin (D:2)
  2 worker ant zombies
  17 adders
  A howler monkey skeleton (D:9)
  2 shadow imps (Gauntlet)
  2 oozes
  An adder zombie (D:9)
  3 adder skeletons
  A worm (D:5)
  4 dart slugs
  4 leopard geckos
  52 orcs
  6 giant cockroaches
  A goblin (shapeshifter) (Gauntlet)
  13 hobgoblins
  7 jackals
  5 quokkas
  2 ball pythons
  A ball python zombie (D:6)
  4 bats
  10 frilled lizards
  21 goblins
  A jackal skeleton (D:3)
  11 kobolds
  A leopard gecko skeleton (D:7)
  A leopard gecko zombie (D:7)
  A quokka skeleton (D:7)
  8 rats
  A plant (D:10)
345 creatures vanquished.

Vanquished Creatures (others)
  An orc (D:5)
  A frilled lizard (D:2)
  5 fungi (Gauntlet)
  4 plants (Gauntlet)
  12 withered plants (Gauntlet)
23 creatures vanquished.

Grand Total: 368 creatures vanquished

Notes
Turn   | Place    | Note
-------+----------+-------------------------------------------
     0 | D:1      | Faca the Halfling Hunter began the quest for the Orb.
     0 | D:1      | Reached XP level 1. HP: 14/14 MP: 1/1
   321 | D:1      | Reached skill level 6 in Slings
   351 | D:1      | Reached XP level 2. HP: 15/19 MP: 2/2
   359 | D:1      | Reached skill level 1 in Short Blades
   746 | D:1      | Reached XP level 3. HP: 17/24 MP: 3/3
  1552 | D:2      | Found a snail-covered altar of Cheibriados.
  1696 | D:2      | Noticed Jessica
  1699 | D:2      | Killed Jessica
  1699 | D:2      | Reached XP level 4. HP: 30/30 MP: 4/4
  1838 | D:2      | Noticed Robin
  2065 | D:2      | Killed Robin
  2065 | D:2      | Reached XP level 5. HP: 24/36 MP: 5/5
  2238 | D:2      | Noticed Sigmund
  2277 | D:2      | Killed Sigmund
  2277 | D:2      | Reached skill level 7 in Slings
  2277 | D:2      | Reached XP level 6. HP: 10/42 MP: 6/6
  3004 | D:3      | Found an iron altar of Okawaru.
  3135 | D:2      | Reached skill level 8 in Slings
  3135 | D:2      | Reached XP level 7. HP: 19/47 MP: 7/7
  3651 | D:3      | Noticed Natasha
  3665 | D:3      | Killed Natasha
  3876 | D:3      | Noticed Natasha
  3900 | D:3      | Killed Natasha
  4168 | D:3      | Noticed Natasha
  4197 | D:3      | Became a worshipper of Warmaster Okawaru
  4536 | D:3      | Killed Natasha
  4915 | D:4      | Reached skill level 5 in Short Blades
  5115 | D:4      | Reached skill level 9 in Slings
  5218 | D:4      | Reached XP level 8. HP: 54/54 MP: 8/8
  5546 | D:5      | Entered Level 5 of the Dungeon
  5546 | D:5      | Noticed Pikel
  5748 | D:5      | Noticed Ijyb
  5790 | D:5      | Killed Ijyb
  5884 | D:5      | Noticed Grinder
  5908 | D:5      | Killed Grinder
  5908 | D:5      | Reached skill level 5 in Fighting
  5964 | D:5      | Got a pair of fine gloves
  5975 | D:5      | Identified the +1 pair of gloves of Culoiz {+Blink rF+
                  | Int+3} (You found it on level 5 of the Dungeon)
  6136 | D:5      | Reached * piety under Okawaru
  6136 | D:5      | Reached skill level 10 in Slings
  6396 | D:5      | Got a translucent short sword
  6397 | D:5      | Identified the +5 short sword of the Modern Seers {drain,
                  | Str+3} (You found it on level 5 of the Dungeon)
  6415 | D:5      | Reached XP level 9. HP: 62/62 MP: 9/9
  6545 | D:5      | Killed Pikel
  6545 | D:5      | Reached skill level 11 in Slings
  6547 | D:5      | Reached ** piety under Okawaru
  7093 | D:5      | Found an ornate altar of the Wu Jian Council.
  7974 | D:6      | Found a sacrificial altar of Ru.
  8125 | D:6      | Reached XP level 10. HP: 65/71 MP: 10/10
  8134 | D:6      | Reached skill level 12 in Slings
  8374 | D:6      | Found a sparkling altar of Nemelex Xobeh.
  8374 | D:6      | Found a hazy altar of Hepliaklqana.
  8521 | D:6      | Found a glowing silver altar of Zin.
  8762 | D:7      | Reached *** piety under Okawaru
  8887 | D:7      | Found a bloodstained altar of Trog.
  9063 | D:7      | Received a gift from Okawaru
  9242 | D:7      | Killed an unseen horror
  9242 | D:7      | Reached skill level 10 in Short Blades
  9242 | D:7      | Reached skill level 13 in Slings
  9434 | D:7      | Noticed a cyclops
  9699 | D:7      | Noticed Prince Ribbit
  9715 | D:7      | Killed Prince Ribbit
  9856 | D:7      | Found a staircase to the Ecumenical Temple.
  9942 | D:7      | Killed a cyclops
  9942 | D:7      | Reached **** piety under Okawaru
 10040 | D:7      | Identified the Papyrus of Attacks and Feathers
 10120 | D:7      | Reached XP level 11. HP: 78/78 MP: 11/11
 10299 | D:8      | Found a runed translucent gate.
 10299 | D:8      | Found a runed translucent gate.
 10299 | D:8      | Found a viscous altar of Jiyva.
 10299 | D:8      | Found a runed translucent gate.
 10299 | D:8      | Noticed kazak's ghost (novice OpEE)
 10329 | D:8      | Noticed a two-headed ogre
 10336 | D:8      | Killed a two-headed ogre
 10985 | D:9      | Received a gift from Okawaru
 11073 | D:9      | Noticed a two-headed ogre
 11085 | D:9      | Killed a two-headed ogre
 11085 | D:9      | Received a gift from Okawaru
 11085 | D:9      | Reached skill level 14 in Slings
 11359 | D:9      | Reached ***** piety under Okawaru
 11457 | D:9      | Got a tiger eye-studded plate armour
 11578 | D:9      | Found a staircase to the Orcish Mines.
 11632 | D:9      | Received a gift from Okawaru
 12329 | D:10     | Entered Level 10 of the Dungeon
 12363 | D:10     | Noticed Erica
 12377 | D:10     | Killed Erica
 12462 | D:10     | Received a gift from Okawaru
 12470 | D:10     | Noticed Psyche
 12487 | D:10     | Killed Psyche
 12642 | D:10     | Found a runed translucent gate.
 12642 | D:10     | Found a runed translucent gate.
 12643 | D:10     | Found a runed translucent gate.
 12727 | D:10     | Reached skill level 15 in Slings
 12758 | D:10     | Noticed a two-headed ogre
 12766 | D:10     | Killed an unseen horror
 12766 | D:10     | Reached skill level 1 in Armour
 12766 | D:10     | Reached skill level 1 in Shields
 12766 | D:10     | Reached XP level 12. HP: 79/87 MP: 12/12
 12794 | D:10     | Killed a two-headed ogre
 12794 | D:10     | Received a gift from Okawaru
 12933 | D:10     | Found a staircase to the Lair.
 13205 | D:10     | Identified the Tome of Terror
 13893 | D:10     | Noticed Ruxt's ghost (novice DsFi)
 14115 | D:11     | Reached skill level 10 in Fighting
 14276 | D:11     | Received a gift from Okawaru
 15166 | D:11     | Reached ****** piety under Okawaru
 15468 | D:11     | Identified the +4 plate armour of Sorcery {Regen+} (You
                  | found it on level 9 of the Dungeon)
 15629 | Lair:1   | Entered Level 1 of the Lair of Beasts
 15705 | Lair:1   | Found a gate leading to a gauntlet.
 15810 | Lair:1   | Noticed a six-headed hydra
 15828 | Lair:1   | Killed a six-headed hydra
 15828 | Lair:1   | Received a gift from Okawaru
 15869 | Gauntlet | Entered a Gauntlet
 15869 | Gauntlet | Found a transporter.
 15869 | Gauntlet | Found a transporter.
 16062 | Gauntlet | Found a transporter.
 16068 | Gauntlet | Found a transporter.
 16069 | Gauntlet | Noticed a wizard
 16075 | Gauntlet | Found a transporter.
 16079 | Gauntlet | Found a transporter.
 16093 | Gauntlet | Found a transporter.
 16104 | Gauntlet | Noticed a swamp dragon
 16104 | Gauntlet | an elephant changed into a swamp dragon
 16110 | Gauntlet | Found a transporter.
 16128 | Gauntlet | Found a transporter.
 16132 | Gauntlet | Found a transporter.
 16142 | Gauntlet | Found a transporter.
 16146 | Gauntlet | Found a transporter.
 16202 | Gauntlet | Noticed a death drake
 16213 | Gauntlet | a death drake changed into a lindwurm
 16217 | Gauntlet | Noticed a shock serpent
 16217 | Gauntlet | a lindwurm changed into a shock serpent
 16220 | Gauntlet | Noticed a fire crab
 16220 | Gauntlet | a lindwurm changed into a fire crab
 16223 | Gauntlet | Noticed a sea snake
 16223 | Gauntlet | a merfolk changed into a sea snake
 16225 | Gauntlet | a sea snake changed into a slime creature
 16234 | Gauntlet | Noticed an anaconda
 16234 | Gauntlet | an eye of devastation changed into an anaconda
 16239 | Gauntlet | a fire crab changed into a harpy
 16247 | Gauntlet | a shock serpent changed into a mana viper
 16313 | Gauntlet | Noticed a swamp dragon
 16313 | Gauntlet | a tarantella changed into a swamp dragon
 16314 | Gauntlet | Noticed a fire crab
 16314 | Gauntlet | an eye of devastation changed into a fire crab
 16314 | Gauntlet | a swamp dragon changed into an elephant
 16363 | Gauntlet | Killed a wizard
 16395 | Gauntlet | Noticed a death drake
 16396 | Gauntlet | Noticed a fire crab
 16404 | Gauntlet | a death drake changed into a hippogriff
 16414 | Gauntlet | Noticed a fire crab
 16414 | Gauntlet | a tarantella changed into a fire crab
 16416 | Gauntlet | Noticed a death drake
 16416 | Gauntlet | a fire crab changed into a death drake
 16417 | Gauntlet | Noticed a swamp dragon
 16417 | Gauntlet | a death drake changed into a swamp dragon
 16421 | Gauntlet | a swamp dragon changed into a guardian serpent
 16450 | Gauntlet | a fire crab changed into a goblin
 16464 | Gauntlet | Reached skill level 5 in Dodging
 16473 | Gauntlet | Got a wavering granite ring
 16474 | Gauntlet | Identified the ring "Mity" {*Corrode rC+ rN++ Int+8} (You
                  | found it in a Gauntlet)
 16494 | Gauntlet | Noticed a minotaur
 16507 | Gauntlet | HP: 3/88 [minotaur/the +7 Singing Sword {vorpal, sonic
                  | wave} (29)]
 16507 | Gauntlet | Slain by a minotaur

Illustrated notes

Levels and vault maps discovered:
D:1:      scummos_arrival_hexagon, layout_loops_cross, minmay_misc_feat_cross
D:2:      layout_basic, first_ration, hangedman_abyss_or_decor_stabs,
          kennysheep_slug_shrine, uniq_robin, uniq_jessica, uniq_sigmund
D:3:      layout_basic, nicolae_overflow_hidden_temple,
          chequers_serial_rivers_micro_d, uniq_natasha
D:4:      layout_rooms
D:5:      layout_cave_pods, lemuel_coloured_pillars_altar, uniq_ijyb,
          uniq_pikel, uniq_grinder
D:6:      layout_basic, nicolae_ru_the_path_less_chosen,
          gammafunk_temple_overflow_elements, zin_treasury
D:7:      minmay_the_grid_four_pointed_star
          [minmay_the_grid_triangle_9x9_warning,
          minmay_the_grid_triangle_9x9_stretched_checkered,
          minmay_the_grid_triangle_9x9_cache,
          minmay_the_grid_triangle_9x9_intruding_spiral,
          minmay_the_grid_prize_shrinking_boxes], layout_cave_pools,
          minmay_temple_entry_fiery, trog_ov_bears_minmay, uniq_prince_ribbit1
D:8:      layout_loops_cross, gammafunk_ghost_ooze
D:9:      layout_loops_ring, erik_orc_1
D:10:     layout_basic, dpeg_oklobed_lair, gammafunk_ghost_spectres,
          minmay_mirror_moons_of_madness, uniq_psyche, uniq_erica
D:11:     layout_irregular_city, grunt_pizzeria, minmay_misc_feat_rows,
          minmay_circle_x
Lair:1:   layout_small_grid, gauntlet_entry_generic, grunt_megastairs_3,
          serial_bayou_shore_b
Gauntlet: gammafunk_gauntlet_hard_choice [gammafunk_gauntlet_arena_spirals,
          gammafunk_gauntlet_arena_chambers, nicolae_gauntlet_arena_grate_2,
          nicolae_gauntlet_arena_flowing_pool, gammafunk_gauntlet_arena_hedges,
          gammafunk_gauntlet_arena_arrow_garden, gauntlet_exit_hidden_loot]

Skill      XL: |  1  2  3  4  5  6  7  8  9 10 11 12 |
---------------+-------------------------------------+-----
Fighting       | 2 3 4 5 7 8 9 10 | 10.4
Slings         | 6 7 8 9 10 11 13 15 | 15.8
Short Blades   | 1 2 3 4 5 7 8 10 12 | 12.8
Armour         | 1 4 |  4.3
Shields        | 1 4 |  4.3
Dodging        | 5 |  5.0
Stealth        | |  1.1

Action                   |  1- 3 |  4- 6 |  7- 9 | 10-12 || total
-------------------------+-------+-------+-------+-------++-------
Melee: Short sword       |   151 |   197 |   578 |   943 ||  1869
 Fire: Hunting sling     |     1 |    31 |    76 |    44 ||   152
Invok: Heroism           |       |       |       |     5 ||     5
       Finesse           |       |       |       |     2 ||     2
Evoke: Wand              |       |       |       |     4 ||     4
  Use: Scroll            |     4 |     4 |     5 |     9 ||    22
       Potion            |       |       |       |     5 ||     5
 Stab: Distracted        |       |       |       |     1 ||     1
       Confused          |       |       |       |     1 ||     1
       Sleeping          |       |       |       |     1 ||     1
  Eat: Chunk             |     3 |     4 |    13 |    20 ||    40
       Ration            |       |       |     1 |     3 ||     4
Armor: Leather armour    |    20 |       |       |       ||    20
       Ring mail         |    16 |    67 |   168 |   197 ||   448
       Scale mail        |       |       |       |     7 ||     7
Dodge: Dodged            |    99 |    96 |   306 |   372 ||   873
Block: Buckler           |       |    21 |   100 |   136 ||   257

Table legend:
 A = Non-vault XP
 B = Vault XP
 C = Vault XP percentage of total XP
 D = Non-vault monster count
 E = Vault monster count
 F = Vault count percentage of total count
                 A         B        C        D         E       F
            +---------+---------+-------+---------+---------+-------
      Total |   16603 |   10281 |  38.2 |     266 |      77 |  22.4
            +---------+---------+-------+---------+---------+-------
        D:1 |      51 |      13 |  20.3 |      27 |       7 |  20.6
        D:2 |     119 |     307 |  72.1 |      20 |       8 |  28.6
        D:3 |     256 |      36 |  12.3 |      35 |       1 |   2.8
        D:4 |     418 |       0 |   0.0 |      18 |       0 |   0.0
        D:5 |     903 |     945 |  51.1 |      30 |       3 |   9.1
        D:6 |    1244 |       0 |   0.0 |      18 |       0 |   0.0
        D:7 |     949 |    2553 |  72.9 |      24 |      18 |  42.9
        D:8 |    1113 |       0 |   0.0 |      14 |       0 |   0.0
        D:9 |    2779 |     606 |  17.9 |      19 |      17 |  47.2
       D:10 |    2380 |    3321 |  58.3 |      22 |       9 |  29.0
       D:11 |    3311 |    1067 |  24.4 |      28 |       7 |  20.0
     Lair:1 |    3080 |       0 |   0.0 |      11 |       0 |   0.0
   Gauntlet |       0 |    1433 | 100.0 |       0 |       7 | 100.0
            +---------+---------+-------+---------+---------+-------
